 Dungeon Crawl Stone Soup version 0.28.0-53-g5a82cb258f (webtiles) character file.

Game seed: 10376233066536760787

1046 zdrol the Carver (level 8, -2/66 HPs)
             Began as a Minotaur Fighter on June 22, 2022.
             Slain by Pikel
             ... wielding a +2 whip of freezing
              (3 damage)
             ... on level 5 of the Dungeon.
             The game lasted 00:11:36 (3242 turns).

zdrol the Carver (Minotaur Fighter)                 Turns: 3242, Time: 00:11:37

Health: -2/66      AC:  7    Str: 21    XL:     8   Next: 5%
Magic:  7/7        EV:  9    Int:  5    God:
Gold:   285        SH:  5    Dex: 12    Spells: 7/7 levels left

rFire   + . .      SeeInvis .   a - +0 long sword
rCold   . . .      Faith    .   c - +0 buckler
rNeg    . . .      Spirit   .   b - +0 scale mail
rPois   .          Reflect  .   (helmet restricted)
rElec   .          Harm     .   (no cloak)
rCorr   .          Rampage  .   (no gloves)
Will    .....                   (no boots)
Stlth   ..........              q - amulet of the acrobat
HPRegen 0.21/turn               h - ring of protection from fire
MPRegen 0.10/turn               (no ring)

@: no status effects
A: horns 2, retaliatory headbutt, agile 1, weak 1
a: no special abilities


You were on level 5 of the Dungeon.
You visited 1 branch of the dungeon, and saw 5 of its levels.

You collected 285 gold pieces.

Inventory:

Hand Weapons
 a - a +0 long sword (weapon)
Missiles
 d - 3 silver javelins (quivered)
Armour
 b - a +0 scale mail (worn)
 c - a +0 buckler (worn)
Jewellery
 h - a ring of protection from fire (left hand)
 p - a ring of ice
 q - an amulet of the acrobat (around neck)
Scrolls
 e - a scroll of immolation {unknown}
 f - 2 scrolls of noise {unknown}
 g - 3 scrolls of identify {unknown}
 j - a scroll of acquirement {unknown}
 k - 2 scrolls of teleportation {unknown}
 m - 2 scrolls of fog {unknown}
 n - a scroll of holy word {unknown}
 o - 2 scrolls of vulnerability {unknown}
Potions
 i - a potion of resistance {unknown}
 l - a potion of heal wounds {unknown}
 r - a potion of haste


   Skills:
 - Level 3.9 Fighting
 * Level 11.1 Long Blades
 - Level 3.8 Armour
 - Level 4.0 Shields


You had 7 spell levels left.
You didn't know any spells.
Your spell library contained the following spells:

 Spells                   Type           Power      Damage    Failure   Level
 Foxfire                  Conj/Fire      0%         2x1d4     88%         1
 Sandblast                Erth           0%         2d4       88%         1
 Conjure Flame            Conj/Fire      0%         6-21      99%         3
 Inner Flame              Hex/Fire       0%         N/A       99%         3
 Flame Wave               Conj/Fire      0%         2d4       100%        4
 Blade Hands              Tmut           0%         N/A       100%        5
 Yara's Violent Unravell  Hex/Tmut       0%         3d3       100%        5
 Storm Form               Tmut/Air       0%         N/A       100%        7


Dungeon Overview and Level Annotations

Branches:
Dungeon (5/15)
 Temple: D:4-7

Altars:
Qazlal

Annotations:
D:5 Pikel


Innate Abilities, Weirdness & Mutations

You have a pair of horns on your head.
You reflexively headbutt those who attack you in melee.
You are agile. (Dex +2)
You are weak. (Str -2)


Message History

Pikel says, "You'll make a fine lemure."
You barely miss the lemure. You miss the lemure. You block the lemure's attack.
Pikel drinks a potion.
Pikel goes berserk!
You hit the lemure. Your headbutt misses the lemure.
The lemure is moderately wounded.
The lemure hits you but does no damage.
You closely miss the lemure.
The lemure is moderately wounded.
The lemure hits you.
You hit the lemure but do no damage. Your headbutt misses the lemure.
The lemure is moderately wounded.
The lemure closely misses you. You furiously retaliate!
You headbutt the lemure, but do no damage.
You closely miss the lemure.
The lemure is moderately wounded.
You barely miss Pikel. Pikel barely misses you.
You miss Pikel. Your headbutt misses Pikel. Pikel hits you but does no damage.
You slash Pikel! Your headbutt misses Pikel.
Pikel is lightly wounded.
Pikel hits you with a +2 whip of freezing!
Pikel freezes you! Pikel misses you.
You hit Pikel but do no damage.
Pikel is lightly wounded.
Pikel hits you with a +2 whip of freezing!
Pikel freezes you.
You hit Pikel but do no damage.
Pikel is lightly wounded.
Pikel hits you with a +2 whip of freezing.
Pikel freezes you.
You barely miss Pikel.
Pikel is lightly wounded.
Pikel hits you with a +2 whip of freezing.
* * * LOW HITPOINT WARNING * * *
Pikel freezes you.
* * * LOW HITPOINT WARNING * * *
Pikel hits you with a +2 whip of freezing!
* * * LOW HITPOINT WARNING * * *
Pikel freezes you.
You die...

###### #....# ##### ####.#..#
######.##. #.......###
#.......#.
####.......5###########..#......
...........555K@................
##....#.....########.###......#.
...#..#.........................
..5.. #.##..########..###.......
#.##>.........######..# #.#.#..#
# ...#.#............)# #.#....#
#####......#######†## #.######
##....## #.# #.#### # #...##
###'####....###


You could see Pikel (berserk) and 4 lemures.

Vanquished Creatures
  Eustachio (D:4)
  A water moccasin (D:5)
  A black bear (D:4)
  2 necrophages (D:5)
  An ogre (D:5)
  A phantom (D:4)
  4 hounds
  An orc priest (D:4)
  A centaur skeleton (D:5)
  An iguana (D:4)
  3 orc wizards (D:4)
  6 adders
  3 dart slugs
  2 orcs (D:4)
  2 ball pythons (D:3)
  3 endoplasms
  4 goblins
  8 hobgoblins
  6 jackals
  A quokka (D:3)
  3 frilled lizards
  5 kobolds
  4 rats
64 creatures vanquished.

Vanquished Creatures (others)
  A fungus (D:1)
1 creature vanquished.

Grand Total: 65 creatures vanquished

Notes
Turn   | Place    | Note
-------+----------+-------------------------------------------
     0 | D:1      | zdrol the Minotaur Fighter began the quest for the Orb.
     0 | D:1      | Reached XP level 1. HP: 19/19 MP: 0/0
    56 | D:1      | Reached XP level 2. HP: 20/27 MP: 1/1
   442 | D:1      | Found a faded altar of an unknown god.
   645 | D:2      | Reached skill level 3 in Long Blades
   721 | D:2      | Reached XP level 3. HP: 33/33 MP: 2/2
   805 | D:2      | Reached skill level 4 in Long Blades
   832 | D:2      | Found a stormy altar of Qazlal.
  1006 | D:3      | Reached skill level 5 in Long Blades
  1006 | D:3      | Reached XP level 4. HP: 36/40 MP: 3/3
  1035 | D:4      | Got Estral's Reference Book on the Mountains and
                  | Transmutation
  1069 | D:4      | Noticed Eustachio
  1224 | D:4      | Killed Eustachio
  1225 | D:4      | Reached skill level 7 in Long Blades
  1225 | D:4      | Reached XP level 5. HP: 30/46 MP: 4/4
  1256 | D:4      | Noticed a black bear
  1268 | D:4      | HP: 1/46 [black bear (6)]
  1269 | D:4      | Killed a black bear
  1270 | D:4      | Reached XP level 6. HP: 1/52 MP: 5/5
  1272 | D:4      | Reached skill level 8 in Long Blades
  1727 | D:4      | Reached XP level 7. HP: 58/58 MP: 6/6
  2219 | D:3      | Reached skill level 9 in Long Blades
  2434 | D:4      | Gained mutation: You are weak. (Str -2) [potion of
                  | mutation]
  2434 | D:4      | Gained mutation: You are agile. (Dex +2) [potion of
                  | mutation]
  2769 | D:5      | Entered Level 5 of the Dungeon
  2953 | D:5      | Reached skill level 10 in Long Blades
  3098 | D:5      | Reached skill level 11 in Long Blades
  3098 | D:5      | Reached XP level 8. HP: 49/66 MP: 7/7
  3220 | D:5      | Noticed Pikel
  3242 | D:5      | HP: 1/66 [Pikel/+2 whip of freezing (13)]
  3242 | D:5      | Slain by Pikel

Illustrated notes

Levels and vault maps discovered:
D:1:      minmay_arrival_diagonal_passages, layout_rooms,
          shapermc_ecumenical_altar_gd, minmay_misc_feat_chi, dk_noncrumbling_4
D:2:      layout_basic, basic_altar
D:3:      layout_basic
D:4:      layout_rooms, uniq_eustachio
D:5:      layout_basic, lemuel_temple_firewalk_a, uniq_pikel, uniq_grinder,
          uniq_crazy_yiuf_cottage

Skill      XL: |  1  2  3  4  5  6  7 |
---------------+----------------------+-----
Shields        | 4 |  4.0
Long Blades    | 3 5 7 8 11 | 11.1
Fighting       | |  3.9
Armour         | |  3.8

Action                   |  1- 3 |  4- 6 |  7- 9 || total
-------------------------+-------+-------+-------++-------
Melee: Long sword        |    60 |    47 |    87 ||   194
       Headbutt          |     6 |     3 |     9 ||    18
  Use: Potion            |       |       |     5 ||     5
Armor: Scale mail        |    26 |    38 |    32 ||    96
Dodge: Dodged            |    30 |    26 |    30 ||    86
Block: Buckler           |     8 |    11 |    15 ||    34
